 Dungeon Crawl Stone Soup version 0.30-a0-986-g7f2e898f52 (console) character file.

Game seed: 452155618125046850

259 utis the Shield-Bearer (level 6, 0/36 HPs)
             Began as a Tengu Wanderer on Apr 1, 2023.
             Killed by divine providence
             ... invoked by an orc priest
              (9 damage)
             ... on level 4 of the Dungeon.
             The game lasted 00:08:01 (3411 turns).

utis the Shield-Bearer (Tengu Wanderer)             Turns: 3411, Time: 00:08:02

Health: 0/36       AC:  3    Str: 11    XL:     6   Next: 17%
Magic:  8/8        EV: 15    Int: 15    God:
Gold:   146        SH:  7    Dex: 14    Spells: 4/7 levels left

rFire   . . .      SeeInvis .    h - +0 flail
rCold   + . .      Faith    .    b - +2 buckler
rNeg    . . .      Spirit   .    e - +0 robe
rPois   .          Reflect  .    (helmet restricted)
rElec   .          Rampage  .    q - +0 cloak
rCorr   .                        (no gloves)
Will    .....                    (boots unavailable)
Stlth   +                        (no amulet)
HPRegen 0.26/turn                C - ring of protection from cold
MPRegen 0.11/turn                (no ring)

@: flying quickly and evasively, quick
A: beak, talons 3, nimble flight
a: no special abilities


You were on level 4 of the Dungeon.
You visited 1 branch of the dungeon, and saw 4 of its levels.

You collected 146 gold pieces.

Inventory:

Hand Weapons
 a - a +0 mace
 h - a +0 flail (weapon)
Missiles
 f - 4 curare-tipped darts {=f}
 p - 4 boomerangs (quivered)
Armour
 b - a +2 buckler (worn)
 e - a +0 robe (worn)
 q - a +0 cloak (worn)
Jewellery
 c - a ring of ice
 C - a ring of protection from cold (left hand)
 F - a ring of fire
 L - a ring of flight
Wands
 m - a wand of paralysis (11)
Scrolls
 g - a scroll of immolation {unknown}
 i - a scroll of teleportation {unknown}
 j - a scroll of identify {unknown}
 k - a scroll of poison {unknown}
 l - a scroll of vulnerability {unknown}
 o - a scroll of magic mapping {unknown}
 r - a scroll of enchant armour {unknown}
Potions
 d - a potion of curing {@q1}
 n - a potion of attraction {unknown}
 s - a potion of might {unknown}
 t - a potion of lignification {unknown}


   Skills:
 - Level 2.8 Fighting
 - Level 2.0 Maces & Flails
 - Level 1.0 Throwing
 - Level 3.7 Dodging
 - Level 4.0 Shields
 - Level 1.0 Spellcasting
 + Level 3.8 Summonings
 - Level 1.0 Evocations


You had 4 spell levels left.
You knew the following spells:

 Your Spells              Type           Power      Damage    Failure   Level
f - Call Canine Familiar  Summ           12%        N/A       19%         3

Your spell library contained the following spells:

 Spells                   Type           Power      Damage    Failure   Level
 Freeze                   Ice            0%         1d3       30%         1
 Frozen Ramparts          Ice            0%         1d1       67%         3
 Hailstorm                Conj/Ice       0%         3d3       67%         3
 Kindle Blastsparks       Fire/Tloc/Air  0%         2d10      67%         3
 Portal Projectile        Hex/Tloc       0%         N/A       67%         3
 Fulminant Prism          Conj/Hex       0%         3d5       97%         4
 Iskenderun's Mystic Bla  Conj/Tloc      0%         2d3       97%         4
 Leda's Liquefaction      Hex/Erth       0%         N/A       97%         4
 Lee's Rapid Deconstruct  Erth           0%         3d4*      100%        5


Dungeon Overview and Level Annotations

Branches:
Dungeon (4/15)
 Temple: D:4-7

Altars:

Shops:
D:2 *

Annotations:
D:3 1 runed translucent door, Winter's ghost, amateur KoBr


Innate Abilities, Weirdness & Mutations

You have a beak for a mouth.
You have claws for feet.
Your magical nature lets you fly swiftly and evasively.


Message History

Unknown command.
The orc barely misses you.
You sock the orc!
You kill the orc!
You block the orc's attack.
The orc hits you from afar with a +0 trident.
You hit the orc. Your kick misses the orc.
The orc is lightly wounded.
The orc barely misses you. x2; The orc misses you.
You completely miss the orc. Your kick misses the orc.
The orc is lightly wounded.
You block the orc's attack. The orc priest barely misses you.
You block the orc's attack.
You hit the orc. You claw the orc.
The orc is almost dead.
You block the orc's attack.
The orc priest invokes the aid of Beogh against you.
Beogh smites you!
* * * LOW HITPOINT WARNING * * *
You block the orc's attack.
You barely miss the orc. You claw the orc.
You kill the orc!
The orc hits you but does no damage. The orc priest misses you.
The orc priest calls down the wrath of Beogh upon you.
Pain shoots through your body!
* * * LOW HITPOINT WARNING * * *
The orc closely misses you.
You hit the orc priest. Your kick misses the orc priest.
The orc priest is moderately wounded.
You block the orc's attack.
You sock the orc priest!
The orc priest is severely wounded.
The orc misses you. You block the orc priest's attack.
You hit the orc priest.
You claw the orc priest, but do no damage.
The orc priest is almost dead.
The orc hits you from afar with a +0 trident.
* * * LOW HITPOINT WARNING * * *
The orc priest calls down the wrath of Beogh upon you.
Beogh smites you!
You die...

░░░░░
...░
...░
░░░..░
░.....
░░░░...░
░.....o░
░.<.o)Q░
░....░░░
░..! ░..
... .. ░


You could see an orc priest and an orc.

Vanquished Creatures
  Sigmund (D:3)
  3 adders
  2 worms
  3 dart slugs (D:2)
  4 orcs
  9 ball pythons
  2 endoplasms
  2 giant cockroaches
  5 goblins
  4 hobgoblins
  4 jackals (D:1)
  3 quokkas
  5 bats
  2 frilled lizards (D:2)
  A kobold (D:3)
  3 rats
53 creatures vanquished.

Notes
Turn   | Place    | Note
-------+----------+-------------------------------------------
     0 | D:1      | utis the Tengu Wanderer began the quest for the Orb.
     0 | D:1      | utis set off with the following items: a +0 mace, a +2
                  | buckler, a +0 cloak, a potion of curing {@q1}, a +0 robe.
     0 | D:1      | Reached XP level 1. HP: 12/12 MP: 2/2
   314 | D:1      | Reached XP level 2. HP: 18/18 MP: 3/3
  1650 | D:2      | Reached XP level 3. HP: 22/22 MP: 4/4
  1898 | D:2      | Found Datarauss's General Store.
  2187 | D:2      | Reached XP level 4. HP: 22/27 MP: 5/5
  2627 | D:3      | Reached skill level 1 in Spellcasting
  2751 | D:3      | Found a runed translucent door.
  2752 | D:3      | Noticed Winter's ghost (amateur KoBr)
  2864 | D:3      | Learned a level 3 spell: Call Canine Familiar
  2884 | D:3      | Noticed Sigmund
  2898 | D:3      | Killed Sigmund
  2899 | D:3      | Reached skill level 4 in Shields
  2899 | D:3      | Gained mutation: Your magical nature lets you fly swiftly
                  | and evasively. [Tengu growth]
  2899 | D:3      | Reached XP level 5. HP: 6/32 MP: 7/7
  2899 | D:3      | Reached XP level 6. HP: 6/36 MP: 8/8
  3411 | D:4      | Killed from afar by an orc priest

Illustrated notes

Levels and vault maps discovered:
D:1:      psy_arrival_radial02, layout_basic, kennysheep_small_spiral
D:2:      layout_loops_ring, serial_rivers, chequers_serial_rivers_micro_d,
          chequers_serial_rivers_large_b, chequers_serial_rivers_small_b,
          chequers_serial_rivers_small_3, chequers_serial_rivers_marsh,
          chequers_serial_rivers_small_b, serial_shops, shop
D:3:      minmay_wonky_spiral, layout_rooms, gammafunk_ghost_grave, uniq_sigmund
D:4:      layout_cave_pools, mainiacjoe_overflow_cross_hatched,
          lemuel_doored_altar, uniq_crazy_yiuf_cottage

Skill      XL: |  1  2  3  4 |
---------------+-------------+-----
Dodging        | 3 |  3.7
Maces & Flails | 2 |  2.0
Spellcasting   | 1 |  1.0
Shields        | 4 |  4.0
Summonings     | 3 |  3.8
Fighting       | |  2.8
Throwing       | |  1.0
Evocations     | |  1.0

Action                     |  1- 3 |  4- 6 || total
---------------------------+-------+-------++-------
  Melee: Mace              |    28 |       ||    28
         Kick              |    18 |    15 ||    33
         Peck              |     6 |     5 ||    11
         Flail             |    59 |    62 ||   121
  Throw: Boomerang         |     2 |     8 ||    10
   Stab: Sleeping          |     1 |     2 ||     3
 Armour: Robe              |    21 |     7 ||    28
  Dodge: Dodged            |    46 |    38 ||    84
  Block: Buckler           |    27 |    23 ||    50

Table legend: (Time is in decaauts)
 A = Elapsed time spent in this place.
 B = Non-inter-level travel time spent in this place.
 C = Inter-level travel time spent in this place.
 D = Time resting spent in this place.
 E = Time spent auto-exploring this place.
 F = Levels seen in this place.
 G = Mean time per level.
                   A        B        C        D        E       F      G
               +--------+--------+--------+--------+--------+-----+--------+
         Total |   3472 |   3285 |    187 |    509 |   2235 |   4 |  868.0 |
       Dungeon |   3472 |   3285 |    187 |    509 |   2235 |   4 |  868.0 |
               +--------+--------+--------+--------+--------+-----+--------+

Top non-repeatable levels by time:
     D:2: 1351 daAuts
     D:1: 1350 daAuts
     D:3: 748 daAuts
     D:4: 22 daAuts
